 Dungeon Crawl Stone Soup version 0.19.4 (console) character file.

11662 Kloppie the Cleaver (level 11, -11/97 HPs)
             Began as a Minotaur Fighter on Feb 3, 2017.
             Was a High Priest of Zin.
             Mangled by a fire crab (13 damage)
             ... on level 2 of the Lair of Beasts.
             The game lasted 00:15:08 (10608 turns).

Kloppie the Cleaver (Minotaur Fighter)             Turns: 10608, Time: 00:15:09

Health: -11/97     AC: 22    Str: 26 (28) XL:     11   Next: 52%
Magic:  10/10      EV:  8    Int:  4 (5)  God:    Zin [*****.]
Gold:   535        SH: 13    Dex: 11      Spells: 0 memorised, 10 levels left

rFire  . . .     SeeInvis .     a - +1 war axe (freeze)
rCold  . . .     Gourm    .     k - +5 chain mail "Midghor" {MR+}
rNeg   . . .     Faith    .     c - +0 shield
rPois  .         Spirit   .     (helmet restricted)
rElec  .         Reflect  .     (no cloak)
rCorr  .         Harm     .     t - +1 pair of gloves
MR     +....                    H - +1 pair of boots
Stlth  ..........               (no amulet)
                                (no ring)
                                (no ring)

@: mighty, very slightly contaminated
A: retaliatory headbutt, horns 2
a: Recite, Vitalisation, Imprison, Sanctuary, Donate Gold, Renounce Religion


You were on level 2 of the Lair of Beasts.
You worshipped Zin.
Zin was extremely pleased with you.
You were not hungry.

You visited 3 branches of the dungeon, and saw 13 of its levels.

You collected 594 gold pieces.
You donated 59 gold pieces to Zin.

Inventory:

Hand Weapons
 a - a +1 war axe of freezing (weapon)
 b - a +0 flail
 J - a +2 war axe
Armour
 c - a +0 shield (worn)
 k - the +5 chain mail "Midghor" (worn) {MR+}
   (You found it on level 6 of the Dungeon)

   It affects your resistance to hostile enchantments.
 t - a +1 pair of gloves (worn)
 z - a +0 large shield
 H - a +1 pair of boots (worn)
Wands
 g - a wand of disintegration (22/24)
Scrolls
 h - a scroll of fear
 i - 5 scrolls of teleportation
 j - a scroll of silence
 m - 3 scrolls of enchant armour
 p - 9 scrolls of identify
 s - a scroll of recharging
 u - 7 scrolls of remove curse
 v - 6 scrolls of amnesia
 w - 4 scrolls of blinking
 x - a scroll of enchant weapon
 y - a scroll of summoning
 A - a scroll of magic mapping {unknown}
Potions
 d - 2 potions of might
 e - 2 potions of haste
 o - 2 potions of curing
 E - a potion of brilliance
 G - 3 potions of flight
Books
 l - a book of Misfortune

   Spells                             Type                      Level
   a - Confusing Touch                Hexes                        1
   b - Confuse                        Hexes                        3
   c - Gell's Gravitas                Hexes/Translocation          3
   d - Petrify                        Transmutation/Earth          4
   e - Metabolic Englaciation         Hexes/Ice                    5
   f - Yara's Violent Unravelling     Hexes/Transmutation          5
Comestibles
 f - 7 bread rations
 n - a beef jerky
 q - 2 meat rations


   Skills:
 - Level 9.1 Fighting
 + Level 12.7 Axes
 - Level 12.2 Armour
 * Level 11.0 Shields


You had 10 spell levels left.
You didn't know any spells.

Dungeon Overview and Level Annotations

Branches:
Dungeon (10/15)            Temple (1/1) D:5            Lair (2/6) D:8
  Swamp: Lair:2-4    Shoals: Lair:2-4     Snake: Lair:2-4    Spider: Lair:2-4
    Orc: D:9-12

Altars:
Ashenzari
Cheibriados
Dithmenos
Elyvilon
Fedhas
Gozag
Hepliaklqana
Kikubaaqudgha
Makhleb
Nemelex Xobeh
Okawaru
Qazlal
Ru
Sif Muna
Trog
Uskayaw
Vehumet
Xom
Yredelemnul
Zin
The Shining One

Annotations:
D:2 1 runed door


Innate Abilities, Weirdness & Mutations

You reflexively headbutt those who attack you in melee.
You have a pair of horns on your head.


Message History

* * * LOW HITPOINT WARNING * * *
You block the fire crab's attack.
You feel very mighty all of a sudden. The fire crab breathes flames at you.
The blast of flame engulfs you!
You slice the fire crab!! You freeze the fire crab.
The fire crab is almost dead.
You are engulfed in roaring flames.
* * * LOW HITPOINT WARNING * * *
The fire crab bites you but does no damage.
The fire crab claws you but does no damage.
Okay, then.
Blink to where?
Press: ? - help, Dir - move target cursor You are very lightly contaminated with residual magic.
As you read the scroll of blinking, it crumbles to dust.
The fire crab bites you.
* * * LOW HITPOINT WARNING * * *
You are engulfed in flames!
You die...

########### #####
####..P..##..#####.#PP
#.##P§§§.................
#...§§§§................
.....§§§t@..%.........<...
.[......§..............#.#
..............#####.....##
###>...####..## #...###
#....# #..# #...# #....
#PP.# ....# #P... #....
.....# #. .....# .##...#
.#...##


You could see a fire crab.

Vanquished Creatures
  The ghost of Jerry the Basher, a novice OgHu of Gozag (D:6)
  Pikel (D:8)
  An ugly thing (D:9)
  2 black mambas (Lair:1)
  2 spiny frogs (Lair:1)
  3 komodo dragons
  2 kobold demonologists (D:9)
  A tengu conjurer (D:10)
  A troll (D:9)
  A two-headed ogre (D:9)
  A slime creature (D:9)
  A hippogriff (D:7)
  10 yaks
  A wyvern (D:10)
  Grum (D:8)
  A basilisk (Lair:1)
  Menkaure (D:4)
  A water moccasin (D:9)
  3 porcupines (Lair:1)
  4 ice beasts
  A black bear (D:7)
  5 orc warriors
  3 sky beasts
  4 slaves (D:8)
  7 ogres
  6 centaurs
  3 wolves (D:8)
  2 crocodiles (Lair:1)
  A big kobold (D:9)
  4 bullfrogs
  A gnoll sergeant (D:6)
  4 scorpions
  A killer bee (D:9)
  3 howler monkeys
  3 crimson imps
  3 hounds (D:9)
  2 orc priests
  A centaur skeleton (D:9)
  3 jellies
  Ijyb (D:2)
  A bullfrog skeleton (D:10)
  5 orc wizards
  An iguana (D:9)
  7 worker ants
  A killer bee zombie (D:9)
  A hound skeleton (D:7)
  A worker ant zombie (D:6)
  A howler monkey skeleton (D:6)
  8 adders
  7 gnolls
  3 shadow imps
  4 worms
  An adder skeleton (D:9)
  A dart slug (D:1)
  6 leopard geckos
  31 orcs
  3 giant cockroaches
  2 goblins
  4 hobgoblins
  3 jackals (D:10)
  9 kobolds
  4 quokkas
  2 ball pythons
  7 bats
  2 frilled lizards
  6 rats
  A fungus (Lair:1)
219 creatures vanquished.

Notes
Turn   | Place    | Note
-------+----------+-------------------------------------------
     0 | D:1      | Kloppie the Minotaur Fighter began the quest for the Orb.
     0 | D:1      | Reached XP level 1. HP: 19/19 MP: 0/0
   128 | D:1      | Reached XP level 2. HP: 26/26 MP: 1/1
   887 | D:2      | Noticed Ijyb
   895 | D:2      | Reached XP level 3. HP: 29/31 MP: 2/2
   900 | D:2      | Killed Ijyb
   900 | D:2      | Reached skill level 5 in Armour
  1245 | D:2      | Found a runed door.
  1376 | D:3      | Reached XP level 4. HP: 38/39 MP: 3/3
  1591 | D:3      | Noticed a moth of wrath
  1594 | D:3      | Found a bloodstained altar of Trog.
  2017 | D:4      | Found a hide-covered altar of Uskayaw.
  2357 | D:4      | Noticed Menkaure
  2363 | D:4      | Killed Menkaure
  2363 | D:4      | Reached XP level 5. HP: 29/45 MP: 4/4
  2559 | D:5      | Entered Level 5 of the Dungeon
  2627 | D:5      | Found a staircase to the Ecumenical Temple.
  2649 | Temple   | Entered the Ecumenical Temple
  2774 | Temple   | Became a worshipper of Zin the Law-Giver
  2774 | Temple   | Reached * piety under Zin
  2875 | D:5      | Noticed a centaur
  2880 | D:5      | Killed a centaur
  2880 | D:5      | Reached skill level 5 in Axes
  2880 | D:5      | Reached XP level 6. HP: 48/51 MP: 5/5
  3276 | D:6      | Reached ** piety under Zin
  3395 | D:6      | Noticed Jerry's ghost (novice OgHu)
  3414 | D:6      | HP: 2/51 [Jerry's ghost (6)]
  3459 | D:6      | Gained mutation: Your system is resistant to poisons. (rPois) [potion of mutation]
  3459 | D:6      | Gained mutation: Your body sometimes deteriorates upon taking damage. [potion of mutation]
  3974 | D:6      | HP: 1/52 [centaur/arrow (14)]
  4284 | D:6      | Reached XP level 7. HP: 51/60 MP: 6/6
  4286 | D:6      | Lost mutation: Your body sometimes deteriorates upon taking damage. [potion of cure mutation]
  4286 | D:6      | Lost mutation: Your system is resistant to poisons. (rPois) [potion of cure mutation]
  4661 | D:6      | Reached skill level 5 in Fighting
  5158 | D:6      | Killed Jerry's ghost
  5158 | D:6      | Reached XP level 8. HP: 41/75 MP: 7/7
  5472 | D:6      | Got a dazzling chain mail
  5483 | D:6      | Identified the +5 chain mail "Midghor" {MR+} (You found it on level 6 of the Dungeon)
  6241 | D:7      | Reached XP level 9. HP: 78/83 MP: 8/8
  6756 | D:7      | Found a snail-covered altar of Cheibriados.
  6919 | D:8      | Noticed Grum
  6939 | D:8      | Killed Grum
  6939 | D:8      | Reached skill level 10 in Armour
  7048 | D:8      | Noticed Pikel
  7086 | D:8      | Killed Pikel
  7381 | D:8      | Found a staircase to the Lair.
  7445 | D:8      | Reached skill level 10 in Axes
  8035 | D:9      | Reached XP level 10. HP: 86/91 MP: 9/9
  8120 | D:9      | Noticed a green ugly thing
  8132 | D:9      | Killed a green ugly thing
  8136 | D:9      | Reached skill level 5 in Shields
  8150 | D:9      | HP: 4/91 [poisoned by a killer bee]
  8155 | D:9      | HP: 3/91 [poisoned by a killer bee]
  8160 | D:9      | HP: 3/91 [poisoned by a killer bee]
  8168 | D:9      | HP: 3/91 [poisoned by a killer bee]
  8182 | D:9      | Reached *** piety under Zin
  8551 | D:9      | Noticed a smoke demon
  8561 | D:9      | Noticed a rust devil
  8751 | D:9      | Reached **** piety under Zin
  8752 | D:9      | Found a stormy altar of Qazlal.
  9025 | D:9      | Found a blossoming altar of Fedhas.
  9025 | D:9      | Found a faded altar of an unknown god.
  9031 | D:9      | Found a faded altar of an unknown god.
  9033 | D:9      | Found a faded altar of an unknown god.
  9035 | D:9      | Found a hazy altar of Hepliaklqana.
  9040 | D:9      | Reached XP level 11. HP: 86/97 MP: 10/10
  9102 | D:10     | Entered Level 10 of the Dungeon
  9837 | Lair:1   | Entered Level 1 of the Lair of Beasts
 10144 | Lair:1   | Reached skill level 10 in Shields
 10314 | Lair:1   | Reached ***** piety under Zin
 10591 | Lair:2   | Noticed a fire crab
 10607 | Lair:2   | HP: 4/97 [fire crab] (10)]
 10608 | Lair:2   | Mangled by a fire crab

Skill      XL: |  1  2  3  4  5  6  7  8  9 10 11 |
---------------+----------------------------------+-----
Armour         | 4 5 6 7 8 11 12 | 12.2
Axes           | 3 4 5 7 8 10 11 12 | 12.7
Fighting       | 4 8 9 |  9.1
Shields        | 8 11 | 11.0

Action                   |  1- 3 |  4- 6 |  7- 9 | 10-12 || total
-------------------------+-------+-------+-------+-------++-------
Melee: War axe           |    61 |   127 |   279 |   307 ||   774
       Headbutt          |    10 |    25 |    67 |    58 ||   160
       Unarmed           |       |    14 |       |       ||    14
  Use: Scroll            |     6 |     2 |     6 |     4 ||    18
       Potion            |       |     3 |     6 |     3 ||    12
  Eat: Chunk             |     1 |     5 |     5 |     9 ||    20
       Meat ration       |       |     1 |       |       ||     1
       Royal jelly       |       |     1 |       |       ||     1
       Bread ration      |       |       |     1 |       ||     1
Armor: Scale mail        |    15 |       |       |       ||    15
       Plate armour      |    19 |    81 |    54 |       ||   154
       Chain mail        |       |       |   117 |   114 ||   231
Dodge: Dodged            |    17 |    33 |    81 |    56 ||   187
Block: Shield            |    33 |    62 |   150 |   137 ||   382
